 Dungeon Crawl Stone Soup version 0.28-a0-706-gf6f64a616a (webtiles) character file.

Game seed: 3829070629373307061

65 bellsore the Changer (level 4, -9/32 HPs)
             Began as a Barachi Transmuter on Oct 24, 2021.
             Killed by divine providence
             ... invoked by an orc priest
              (17 damage)
             ... on level 2 of the Dungeon.
             The game lasted 00:05:02 (2515 turns).

bellsore the Changer (Barachi Transmuter)           Turns: 2515, Time: 00:05:03

Health: -9/32      AC:  2    Str: 11    XL:     4   Next: 13%
Magic:  3/7        EV: 12    Int: 13    God:
Gold:   97         SH:  0    Dex: 14    Spells: 1/7 levels left

rFire   . . .      SeeInvis .     - Unarmed
rCold   . . .      Faith    .   (no shield)
rNeg    . . .      Spirit   .   a - +0 robe
rPois   .          Reflect  .   (no helmet)
rElec   .          Harm     .   (no cloak)
rCorr   .          Rampage  .   (no gloves)
Will    .....                   (no boots)
Stlth   +.........              (no amulet)
HPRegen 0.10/turn               (no ring)
MPRegen 0.10/turn               (no ring)

@: wereblooded, slow
A: amphibious, slowness 1, strong legs 1, +LOS
a: Hop


You were on level 2 of the Dungeon.
You visited 1 branch of the dungeon, and saw 2 of its levels.

You collected 97 gold pieces.

Inventory:

Armour
 a - a +0 robe (worn)
Scrolls
 b - a scroll of enchant weapon {unknown}
 c - a scroll of identify {unknown}
 d - a scroll of teleportation {unknown}
Potions
 e - a potion of resistance {unknown}


   Skills:
 + Level 1.6 Fighting
 + Level 2.4 Dodging
 - Level 0.2 Stealth
 + Level 3.4 Unarmed Combat
 - Level 2.1 Spellcasting
 - Level 4.2 Transmutations


You had one spell level left.
You knew the following spells:

 Your Spells              Type           Power      Damage    Failure   Level
a - Beastly Appendage     Tmut           24%        N/A       4%          1
b - Spider Form           Tmut/Pois      3%         N/A       30%         3
c - Wereblood             Tmut           12%        N/A       6%          2

Your spell library contained the following spells:

 Spells                   Type           Power      Damage    Failure   Level
 Ice Form                 Ice/Tmut       6%         N/A       71%         4


Dungeon Overview and Level Annotations

Branches:
Dungeon (2/15)

Altars:


Innate Abilities, Weirdness & Mutations

You are amphibious.
You cover ground slowly.
You can hop short distances.
You have an extended range of vision and can be seen from far away.


Message History

You hit the orc but do no damage.
The orc is poisoned.
Something tries to affect you, but you resist.
The orc wizard mumbles some strange words.
The orc wizard flickers and vanishes!
You hit the orc.
The orc is lightly wounded.
The orc misses you. Something hits you.
You hit the orc.
The orc looks as sick as possible!
The orc is moderately wounded.
The orc closely misses you. Something hits you.
You barely miss the orc.
The orc is heavily wounded.
The orc priest invokes the aid of Beogh against you.
Something writhes in agony!
The orc hits you with a +0 hand axe.
You hear some strange, mumbled words.
A puff of flame appears from out of thin air!
The puff of flame misses you.
You hit the orc.
You feel a bit better.
You kill the orc!
The orc priest casts a cantrip, but nothing happens.
You hit something but do no damage. Something barely misses you.
You hear some strange, mumbled words.
A puff of flame appears from out of thin air!
The puff of flame hits you!
Your transformation has ended.
Your +0 robe unmelds from your body.
Something hits you. The orc hits you with a +0 whip.
You completely miss the orc. Something hits you but does no damage.
You miss something.
You howl as the wereblood boils in your veins!
Something hits you.
You hit something but do no damage.
You howl as the wereblood boils in your veins!
Something hits you. x2
* * * LOW HITPOINT WARNING * * *
Unknown command.
The orc priest invokes the aid of Beogh against you.
Beogh smites you!
Ouch! That really hurt!
You die...

#.# #.# #.# #.#
#.# #.# .
######.#
...#####......#
........o@....#
#.###.){####.#
#...# #.#
#.......o...#.#
..#..?......#.#
#.........#.#
####...####.#
#...# ..# #...#


You could see an orc priest and an orc.

Vanquished Creatures
  A gnoll (D:2)
  An adder (D:2)
  3 dart slugs (D:1)
  An orc (D:2)
  3 endoplasms
  2 giant cockroaches (D:1)
  4 goblins
  3 hobgoblins (D:1)
  3 quokkas (D:1)
  4 ball pythons
  6 bats
  5 kobolds
  2 rats (D:1)
38 creatures vanquished.

Notes
Turn   | Place    | Note
-------+----------+-------------------------------------------
     0 | D:1      | bellsore the Barachi Transmuter began the quest for the
                  | Orb.
     0 | D:1      | Reached XP level 1. HP: 15/15 MP: 3/3
     2 | D:1      | Noticed a merfolk
     2 | D:1      | Noticed a demigod
     4 | D:1      | Noticed a spriggan
     4 | D:1      | Noticed a tengu
     8 | D:1      | Noticed a felid
     8 | D:1      | Noticed an elf
    10 | D:1      | Noticed an ogre
    12 | D:1      | Noticed a dwarf
    12 | D:1      | Noticed a human
    14 | D:1      | Noticed a ghoul
    16 | D:1      | Noticed a minotaur
    16 | D:1      | Noticed a gargoyle
    18 | D:1      | Noticed a naga
    18 | D:1      | Noticed a vine stalker
    20 | D:1      | Noticed a formicid
    20 | D:1      | Noticed a troll
    22 | D:1      | Noticed a draconian
    24 | D:1      | Noticed a vampire
    24 | D:1      | Noticed a demonspawn
    26 | D:1      | Noticed an octopode
   372 | D:1      | Reached skill level 3 in Transmutations
   372 | D:1      | Reached XP level 2. HP: 21/21 MP: 3/5
   913 | D:1      | Reached XP level 3. HP: 12/26 MP: 4/6
   917 | D:1      | Learned a level 3 spell: Spider Form
  1080 | D:1      | Learned a level 2 spell: Wereblood
  1346 | D:1      | Reached skill level 4 in Transmutations
  1983 | D:2      | Reached XP level 4. HP: 7/32 MP: 3/7
  2515 | D:2      | Killed from afar by an orc priest

Illustrated notes

Levels and vault maps discovered:
D:1:      kb_arrival_jail, layout_loops_corners
D:2:      layout_loops_ring, st_stairs_1

Skill      XL: |  1  2  3 |
---------------+----------+-----
Transmutations | 3 4 |  4.2
Fighting       | |  1.6
Dodging        | |  2.4
Stealth        | |  0.2
Unarmed Combat | |  3.4
Spellcasting   | |  2.1

Action                   |  1- 3 |  4- 6 || total
-------------------------+-------+-------++-------
Melee: Unarmed           |    95 |    25 ||   120
       Headbutt          |     8 |       ||     8
       Kick              |    12 |     1 ||    13
       Punch             |     1 |       ||     1
 Cast: Beastly Appendage |    26 |     1 ||    27
       Spider Form       |     1 |     3 ||     4
       Wereblood         |       |     1 ||     1
 Abil: Hop               |       |     1 ||     1
 Stab: Sleeping          |     1 |       ||     1
Armor: Robe              |    17 |    14 ||    31
       Skin              |       |     1 ||     1
Dodge: Dodged            |    61 |    28 ||    89

Table legend: (Time is in decaauts)
 A = Elapsed time spent in this place.
 B = Non-inter-level travel time spent in this place.
 C = Inter-level travel time spent in this place.
 D = Time resting spent in this place.
 E = Time spent auto-exploring this place.
 F = Levels seen in this place.
 G = Mean time per level.
                   A        B        C        D        E       F      G
               +--------+--------+--------+--------+--------+-----+--------+
         Total |   2689 |   2660 |     29 |    961 |   1329 |   2 | 1344.5 |
       Dungeon |   2689 |   2660 |     29 |    961 |   1329 |   2 | 1344.5 |
               +--------+--------+--------+--------+--------+-----+--------+

Top non-repeatable levels by time:
     D:1: 2101 daAuts
     D:2: 588 daAuts
